 Dungeon Crawl Stone Soup version 0.30-a0-605-gb2882149bf (webtiles) character file.

Game seed: 4901664616342887580

5 OTABOTABOTAB the Insei (level 1, 0/13 HPs)
             Began as an Octopode Transmuter on Jan 8, 2023.
             Slain by a hobgoblin (4 damage)
             ... on level 1 of the Dungeon.
             The game lasted 00:00:27 (86 turns).

OTABOTABOTAB the Insei (Octopode Transmuter)          Turns: 86, Time: 00:00:28

Health: 0/13       AC:  1    Str:  9    XL:     1   Next: 80%
Magic:  3/3        EV: 13    Int: 15    God:
Gold:   12         SH:  0    Dex: 12    Spells: 3/4 levels left

rFire   . . .      SeeInvis .      - Unarmed
rCold   . . .      Faith    .    (no shield)
rNeg    . . .      Spirit   .    (helmet restricted)
rPois   .          Reflect  .    (no amulet)
rElec   .          Harm     .    (no ring)
rCorr   .          Rampage  .    (no ring)
Will    .....                    (no ring)
Stlth   ++                       (no ring)
HPRegen 0.22/turn                (no ring)
MPRegen 0.08/turn                (no ring)
                                 (no ring)
                                 (no ring)

@: no status effects
A: almost no armour, amphibious, 8 rings, camouflage 1, gelatinous body 1,
(nimble swimmer 1), tentacles
a: no special abilities


You were on level 1 of the Dungeon.
You visited 1 branch of the dungeon, and saw 1 of its levels.

You collected 12 gold pieces.

Inventory:

Potions
 a - a potion of lignification {!q}
 b - a potion of degeneration {unknown}
 c - a potion of brilliance {unknown}


   Skills:
 - Level 1.0 Fighting
 - Level 2.0 Dodging
 + Level 3.2 Unarmed Combat
 - Level 2.0 Spellcasting
 + Level 2.2 Transmutations


You had 3 spell levels left.
You knew the following spells:

 Your Spells              Type           Power      Damage    Failure   Level
a - Beastly Appendage     Tmut           16%        N/A       9%          1

Your spell library contained the following spells:

 Spells                   Type           Power      Damage    Failure   Level
 Wereblood                Tmut           8%         N/A       13%         2
 Spider Form              Tmut/Pois      4%         N/A       38%         3
 Ice Form                 Ice/Tmut       4%         N/A       80%         4


Dungeon Overview and Level Annotations

Branches:
Dungeon (1/15)

Altars:


Innate Abilities, Weirdness & Mutations

You cannot wear most types of armour.
You are amphibious.
You can wear up to eight rings at the same time.
Your skin changes colour to match your surroundings (Stealth+).
Your rubbery body absorbs attacks. (AC +1, EV +1)
((You are camouflaged when in or above water. (Stealth+)))
You have tentacles for arms and can constrict up to eight enemies at once.


Message History

Options error: Bad object type '%}\|' for autopickup. (~/.crawlrc:716) Bad channel name for runrest: 'Jiyva says: Divide and consume' Welcome, OTABOTABOTAB the Octopode Transmuter.
The heart of this dungeon contains the sublime artefact, the Orb of Zot.
Found four items.
Found a staircase leading out of the dungeon.
b - a metallic puce potion You now have 12 gold pieces.
A ball python comes into view.
One of your tentacles grows a vicious spike.
You now have 2/3 mp.
The helpless ball python fails to defend itself.
You tentacle-slap the ball python. Your grab misses the ball python.
You pierce the ball python.
You kill the ball python!
Your transformation is almost over.
No target in view!
No target in view!
Okay, then.
Your tentacle spike disappears.
c - a lumpy grey potion MP restored: 3 A rat comes into view.
Found an escape hatch in the floor.
A rat is nearby!
A rat comes into view.
A bat comes into view.
There is an escape hatch in the floor here.
One of your tentacles grows a vicious spike.
The rat closely misses you.
You now have 2/3 mp.
You tentacle-slap the rat.
You kill the rat!
Unknown command.
You barely miss the bat. You grab the bat. You constrict the bat.
The bat hits you but does no damage.
The bat struggles to escape constriction.
You tentacle-slap the bat but do no damage.
Your squeeze misses the bat. You constrict the bat.
The bat hits you but does no damage. The bat hits you.
The bat escapes!
You take 1 damage, and have 12/13 hp. 2 hobgoblins come into view.
The bat barely misses you.
Unknown command.
You tentacle-slap the bat. You grab the bat.
Your transformation is almost over.
You constrict the bat.
You kill the bat!
The rat misses you.
Health restored: 13 You tentacle-slap the rat.
You kill the rat!
The hobgoblin shouts!
You hear a bark!
Found a stone staircase leading down.
A jackal comes into view. x2; An endoplasm comes into view. x2
A giant cockroach comes into view.
The hobgoblin shouts!
The jackal barks!
The endoplasm quivers.
You tentacle-slap the hobgoblin.
You kill the hobgoblin!
A goblin and a rat come into view.
Unknown command.
The goblin shouts!
The jackal bites you.
You take 1 damage, and have 12/13 hp.
MP restored: 3 The hobgoblin attacks as you move away!
The hobgoblin hits you.
You take 4 damage, and have 8/13 hp.
MASSIVE DAMAGE!!
Your tentacle spike disappears.
The jackal closely misses you. The hobgoblin attacks as you move away!
The hobgoblin hits you.
You take 1 damage, and have 7/13 hp.
The hobgoblin attacks as you move away! The hobgoblin barely misses you.
The jackal closely misses you. The jackal attacks as you move away!
The jackal bites you. The jackal closely misses you.
You take 3 damage, and have 4/13 hp.
MASSIVE DAMAGE!!
The hobgoblin attacks as you move away! The hobgoblin hits you.
You die...

.#..#.<.#..#...#.. ..#... #..
.......(......##..###$..# ....
#...#.#.#.#....#...##..##..#..
..#...........##.#?..†........
....#....#.....#...#.r.##....
......#.......##.....B........
........#......#....J##.......
..............##>h..## .......
.#.#.#.#.#.#.#..@gh.# .J>....
#######.#..........g.##
#.#......#.##...# #...........
...# ###.....##.. #.....# .#.
......# # .......


You could see an endoplasm, 2 jackals, a giant cockroach, a hobgoblin and a rat.

Vanquished Creatures
  A ball python (D:1)
  A bat (D:1)
  A hobgoblin (D:1)
  2 rats (D:1)
5 creatures vanquished.

Notes
Turn   | Place    | Note
-------+----------+-------------------------------------------
     0 | D:1      | OTABOTABOTAB the Octopode Transmuter began the quest for
                  | the Orb.
     0 | D:1      | Reached XP level 1. HP: 13/13 MP: 3/3
    86 | D:1      | Slain by a hobgoblin

Illustrated notes

Levels and vault maps discovered:
D:1:      co_arrival_square_in_a_square_in_a_square, layout_rooms,
          nicolae_ecumenical_lake_church

Action                   || total
-------------------------++-------
Melee: Unarmed           ||     7
       Constrict         ||     2
       Kick              ||     1
 Cast: Beastly Appendage ||     2
 Abil: End Transformatio ||     1
 Stab: Sleeping          ||     1
Armor: Skin              ||     2
Dodge: Dodged            ||     7

Table legend: (Time is in decaauts)
 A = Elapsed time spent in this place.
 B = Non-inter-level travel time spent in this place.
 C = Inter-level travel time spent in this place.
 D = Time resting spent in this place.
 E = Time spent auto-exploring this place.
 F = Levels seen in this place.
 G = Mean time per level.
                   A        B        C        D        E       F      G
               +--------+--------+--------+--------+--------+-----+--------+
         Total |     85 |     85 |      0 |      0 |     56 |   1 |   85.0 |
       Dungeon |     85 |     85 |      0 |      0 |     56 |   1 |   85.0 |
               +--------+--------+--------+--------+--------+-----+--------+

Top non-repeatable levels by time:
     D:1: 85 daAuts

Table legend:
 A = Kills in this place as a percentage of kills in entire the game.
 B = Kills by you in this place as a percentage of kills by you in the entire game.
 C = Kills by friends in this place as a percentage of kills by friends in the entire game.
 D = Other kills in this place as a percentage of other kills in the entire game.
 E = Experience gained in this place as a percentage of experience gained in the entire game.
 F = Experience gained in this place divided by the number of levels of this place that you have seen.
                   A       B       C       D       E      F
               +-------+-------+-------+-------+-------+----------------------
         Total | 100.0 | 100.0 |   N/A |   N/A | 100.0 |   8.0
       Dungeon | 100.0 | 100.0 |   N/A |   N/A | 100.0 |   8.0
               +-------+-------+-------+-------+-------+----------------------
